AoeStats
← Spud2032

Arabia

510918973Analyzed
1v1 RM · 10h ago on Oct 3, 2026· 33m 58s· 2 players
Game mode
Random Map
Map size
Tiny (2 player)
Population
200
Speed
Normal
Resources
Standard
Victory
Conquest
Starting age
Dark Age
Ending age
Imperial Age
RankedLock teamsTeams togetherTeam positionsShared explorationLock speedFull tech treeHidden civsTurbo modeCheats
Victory
Defeat
🇬🇧 Mongols · United Kingdom
1526
+17
🇨🇳 Mongols · China
1554
-17
Spud2032
8:59 Feudal Age
7:42 Loom
9:42 Horse Collar
9:48 Double-Bit Axe
14:32 Forging
15:40 Bloodlines
16:15 Wheelbarrow
17:31 Scale Barding Armor
21:28 Castle Age
19:54 Gold Mining
22:32 Chain Barding Armor
23:02 Iron Casting
22:55 Husbandry
23:11 Bow Saw
26:29 Fletching
26:39 Padded Archer Armor
28:12 Devotion
28:22 Heavy Plow
30:30 Hand Cart
30:04 Town Watch
31:18 Thumb Ring
31:28 Bodkin Arrow
33:01 Leather Archer Armor
33:08 Ballistics
红蜻蜓101
9:28 Loom
11:24 Feudal Age
22:24 Castle Age
21:58 Forging
21:42 Fletching
22:32 Padded Archer Armor
22:20 Double-Bit Axe
22:21 Horse Collar
25:37 Ballistics
30:28 Bodkin Arrow
Connection lost

Rejoining the realm…

Still unreachable

The connection could not be restored.

Session expired

The server has moved on; the page needs a fresh start.